 Dungeon Crawl Stone Soup version 0.28.0-53-g5a82cb258f (webtiles) character file.

Game seed: 15024122804209505507

23726 buhh the Transmogrifier (level 13, -6/114 HPs)
             Began as an Octopode Transmuter on June 17, 2022.
             Was a Priest of Cheibriados.
             Mangled by a merfolk
             ... wielding a +0 trident
              (12 damage)
             ... on level 3 of the Lair of Beasts.
             The game lasted 00:47:53 (16682 turns).

buhh the Transmogrifier (Octopode Transmuter)      Turns: 16682, Time: 00:47:53

Health: -6/114     AC: 17    Str: 18    XL:     13   Next: 8%
Magic:  3/20       EV: 10    Int: 28    God:    Cheibriados [***...]
Gold:   524        SH:  0    Dex: 20    Spells: 9/16 levels left

rFire   . . .      SeeInvis .     - Unarmed
rCold   + + +      Faith    .   (shield currently unavailable)
rNeg    . . .      Spirit   .   (helmet currently unavailable)
rPois   +          Reflect  .   (no amulet)
rElec   +          Harm     .   a - +4 ring of protection
rCorr   +          Rampage  .   q - ring of resist corrosion
Will    +....                   x - ring of willpower
Stlth   ++........              y - ring of protection from fire
HPRegen 0.29/turn               h - ring of ice
MPRegen 0.17/turn               (no ring)
                                (no ring)
                                (no ring)

@: mighty, ice-form, resistant, flying, very slow
A: freezing attack, boosted hp, almost no armour, amphibious, 8 rings, large,
(camouflage 1), (gelatinous body 1), (nimble swimmer 1), (tentacles)
a: End Transformation, Renounce Religion, Bend Time, Temporal Distortion


You were on level 3 of the Lair of Beasts.
You worshipped Cheibriados.
Cheibriados was most pleased with you.
You were a creature of crystalline ice.
You visited 3 branches of the dungeon, and saw 15 of its levels.
You also visited: Sewer.

You collected 812 gold pieces.
You spent 288 gold pieces at shops.

Inventory:

Hand Weapons
 c - the +6 dagger of Qurab (melded) {spect, rElec rN+ rCorr Dex+7}
   (You found it on level 2 of the Dungeon)

   When its wielder attacks, the weapon's spirit leaps out and strikes again.
   The spirit shares a part of any damage it takes with its wielder.
   Dex:       It affects your dexterity (+7).
   rElec:     It insulates you from electricity.
   rN:        It protects you from negative energy.
   rCorr:     It protects you from acid and corrosion.
Missiles
 e - 34 poisoned darts
 j - 3 curare-tipped darts
 n - 2 throwing nets {!f}
Armour
 b - a +2 hat (melded)
Magical Staves
 d - a staff of poison
Jewellery
 a - a +4 ring of protection (left front paw)
 h - a ring of ice (on tentacle)
 q - a ring of resist corrosion (right front paw)
 x - a ring of willpower (on tentacle)
 y - a ring of protection from fire (on tentacle)
Wands
 o - a wand of flame (41)
 r - a wand of polymorph (13)
Scrolls
 g - a scroll of noise {unknown}
 p - a scroll of fear {unknown}
 u - a scroll of brand weapon
 P - 2 scrolls of magic mapping {!r!d}
 Q - a scroll of fog
 X - a scroll of amnesia
 Z - 2 scrolls of enchant armour
Potions
 i - a potion of degeneration
 k - 2 potions of flight
 l - 2 potions of lignification {!d}
 s - a potion of ambrosia {unknown}
 t - a potion of magic {unknown}
 v - 2 potions of haste {unknown}
 w - a potion of brilliance {unknown}
 L - a potion of resistance {!q!d}
 N - 5 potions of curing {!q!d}
 U - 7 potions of mutation {!d}
 V - 2 potions of cancellation {!q!d}


   Skills:
 - Level 11.0 Fighting
 - Level 2.0 Dodging
 - Level 1.0 Stealth
 - Level 10.0 Unarmed Combat
 - Level 2.0 Spellcasting
 * Level 11.3 Transmutations
 - Level 8.0 Ice Magic
 - Level 10.0 Invocations


You had 9 spell levels left.
You knew the following spells:

 Your Spells              Type           Power      Damage    Failure   Level
b - Wereblood             Tmut           60%        N/A       1%          2
c - Ice Form              Ice/Tmut       71%        N/A       1%          4
d - Apportation           Tloc           4%         N/A       9%          1

Your spell library contained the following spells:

 Spells                   Type           Power      Damage    Failure   Level
 Beastly Appendage        Tmut           100%       N/A       1%          1
 Spider Form              Tmut/Pois      34%        N/A       2%          3
 Shock                    Conj/Air       8%         1d3       9%          1
 Scorch                   Fire           4%         2d5       14%         2
 Stone Arrow              Conj/Erth      4%         3d7       26%         3
 Flame Wave               Conj/Fire      2%         2d4       65%         4
 Summon Cactus Giant      Summ           1%         N/A       100%        6
 Lehudib's Crystal Spear  Conj/Erth      1%         10d2      100%        8
 Animate Armour           Summ/Erth      Unusable   N/A       N/A         4

Dungeon Overview and Level Annotations

Branches:
Dungeon (11/15)            Temple (1/1) D:5            Lair (3/6) D:10
 Spider (0/4) Lair:3          Orc (0/2) D:11          Sewer (visited)
  Swamp: Lair:2-4    Shoals: Lair:2-4

Altars:
Ashenzari
Cheibriados
Dithmenos
Elyvilon
Fedhas
Gozag
Hepliaklqana
Kikubaaqudgha
Makhleb
Nemelex Xobeh
Okawaru
Qazlal
Ru
Sif Muna
Trog
Uskayaw
Wu Jian
Yredelemnul
Zin
The Shining One
Jiyva

Shops:
D:10 !

Annotations:
D:3 3 runed translucent doors, exclusion: 3 doors, Brotato's ghost, amateur DrFi; MiltankisOP's ghost, amateur OpTm
D:6 1 runed translucent door, exclusion: door, Crazy Yiuf
D:9 1 runed translucent door, osoart's ghost, novice HuFi


Innate Abilities, Weirdness & Mutations

You are a creature of crystalline ice.
You have a powerful freezing melee attack.
Your maximum health is increased.
Your armour is entirely melded.
You are incapable of wielding weapons or throwing items.
You cannot wear most types of armour.
You are amphibious.
You can wear up to eight rings at the same time.
((Your skin changes colour to match your surroundings (Stealth+).))
((Your rubbery body absorbs attacks. (AC +1, EV +1)))
((You are camouflaged when in or above water. (Stealth+)))
((You have tentacles for arms and can constrict up to eight enemies at once.))


Message History

Your primal bloodlust is almost over.
The yak gores you but does no damage. The yak closely misses you.
The merfolk throws a throwing net.
The throwing net hits the yak.
The yak is caught in the net!
The yak struggles against the net.
The yak closely misses you.
You howl as the wereblood boils in your veins!
You flicker back into view.
The yak struggles against the net. x2
The merfolk hits you from afar with a +0 trident.
* * * LOW HITPOINT WARNING * * *
The yak gores you.
* * * LOW HITPOINT WARNING * * *
Really quaff
N - 8 potions of curing {!q!d}?
You feel better.
The yak struggles against the net.
The merfolk closely misses you. The yak gores you but does no damage.
Really quaff
N - 7 potions of curing {!q!d}?
You feel better.
Your primal bloodlust has ended.
The blink frog blinks!
The merfolk hits you from afar with a +2 trident of freezing!
* * * LOW HITPOINT WARNING * * *
The merfolk freezes you.
* * * LOW HITPOINT WARNING * * *
The merfolk barely misses you.
The yak struggles against the net.
The blink frog blinks!
The yak gores you but does no damage.
Really quaff
N - 6 potions of curing {!q!d}?
You feel better.
The merfolk hits you from afar with a +2 trident of freezing!
* * * LOW HITPOINT WARNING * * *
The merfolk freezes you.
* * * LOW HITPOINT WARNING * * *
The merfolk barely misses you.
The yak struggles against the net.
The net rips apart, and the yak comes free!
The yak closely misses you.
Really quaff
L - 2 potions of resistance {!q!d}?
You feel protected.
The merfolk hits you from afar with a +2 trident of freezing.
* * * LOW HITPOINT WARNING * * *
The merfolk hits you from afar with a +0 trident!
You die...

#......... #P.#.##
##....# ####..P## #
##.##..P.### .. #
#..........# P+#P
##.........###### #....
..
#..........'.##.###....
Y†#.
#....YY......÷.........
Y...
##..mYY....####.<.P(...
P..# #.h.m.....#
##P...... #..#
#YY.§......# ##^.....
...#########§F.......##
##......
...†.yFY..Yy.........#
#.#.....
##(†..Y#..#..........#
###.P.#.
#..########...[.......#
###### ##†#
##.##..+#...# #.#


You could see 2 merfolk, a polar bear, 6 yaks, a queen bee and a blink frog.

Vanquished Creatures
  2 hydras
  A two-headed ogre (D:9)
  10 elephants (Lair:2)
  8 cane toads
  2 komodo dragons
  A torpor snail (Lair:2)
  A rime drake (Lair:2)
  2 trolls
  A merfolk (Lair:3)
  A hornet (D:10)
  6 blink frogs
  A meliai zombie (D:10)
  Sigmund (D:3)
  2 wyverns
  2 wraiths (D:11)
  39 yaks
  3 basilisks
  A steam dragon (D:8)
  4 vampire mosquitoes (D:11)
  5 water moccasins
  6 orc warriors
  A sky beast (D:4)
  3 black bears
  4 wolves (Lair:1)
  2 ogres
  5 centaurs
  A phantom (D:7)
  Blork the orc (D:6)
  7 bullfrogs
  5 kobold brigands
  A gnoll sergeant (D:9)
  2 scorpions
  A water moccasin zombie (D:5)
  A wyvern skeleton (D:7)
  11 killer bees (Lair:3)
  4 wights (D:9)
  A howler monkey (D:11)
  3 hounds
  8 orc priests
  5 centaur zombies
  A gnoll shaman (D:4)
  A jelly (D:5)
  Ijyb (D:2)
  9 orc wizards
  2 iguanas
  3 howler monkey zombies
  13 gnolls
  A howler monkey skeleton (D:7)
  11 adders
  4 river rats (Sewer)
  A shadow imp (D:4)
  A white imp (D:6)
  6 worms
  3 dart slugs
  46 orcs
  6 endoplasms
  6 giant cockroaches
  9 goblins
  9 hobgoblins
  2 quokkas (D:1)
  14 ball pythons
  5 bats
  3 frilled lizards
  31 kobolds
  20 rats
373 creatures vanquished.

Vanquished Creatures (others)
  87 fungi
  81 plants
  5 withered plants (D:3)
173 creatures vanquished.

Grand Total: 546 creatures vanquished

Notes
Turn   | Place    | Note
-------+----------+-------------------------------------------
     0 | D:1      | buhh the Octopode Transmuter began the quest for the Orb.
     0 | D:1      | Reached XP level 1. HP: 13/13 MP: 3/3
   233 | D:1      | Reached XP level 2. HP: 19/19 MP: 3/5
   761 | D:2      | Reached XP level 3. HP: 25/25 MP: 4/6
   790 | D:2      | Noticed an ogre
  1350 | D:2      | Noticed Ijyb
  1534 | D:3      | Reached XP level 4. HP: 29/32 MP: 5/7
  1816 | D:2      | Identified the +6 dagger of Qurab {spect, rElec rN+ rCorr
                  | Dex+7}
  2000 | D:3      | Noticed Sigmund
  2402 | D:3      | Killed Sigmund
  2403 | D:3      | Reached XP level 5. HP: 39/39 MP: 8/8
  2403 | D:3      | Reached XP level 6. HP: 45/45 MP: 9/9
  2422 | D:3      | Learned a level 2 spell: Wereblood
  2441 | D:3      | Found a runed translucent gate.
  2442 | D:3      | Found a runed translucent gate.
  2446 | D:3      | Found a runed translucent gate.
  2536 | D:3      | Noticed MiltankisOP's ghost (amateur OpTm)
  2537 | D:3      | Noticed Brotato's ghost (amateur DrFi)
  2682 | D:4      | Found a blossoming altar of Fedhas.
  2683 | D:4      | Found a broken altar of Ashenzari.
  2684 | D:4      | Found an ornate altar of the Wu Jian Council.
  2685 | D:4      | Found an ancient bone altar of Kikubaaqudgha.
  2685 | D:4      | Found a shadowy altar of Dithmenos.
  3135 | D:4      | Noticed a sky beast
  3145 | D:4      | Killed a sky beast
  3146 | D:4      | Reached XP level 7. HP: 50/50 MP: 10/10
  3151 | D:4      | Learned a level 4 spell: Ice Form
  4243 | D:4      | Found a basalt altar of Yredelemnul.
  4243 | D:4      | Found a glowing golden altar of the Shining One.
  4244 | D:4      | Found a stormy altar of Qazlal.
  4346 | D:5      | Entered Level 5 of the Dungeon
  4594 | D:5      | Found a bloodstained altar of Trog.
  4738 | D:5      | Found a shimmering blue altar of Sif Muna.
  4746 | D:5      | Got Sif Muna's Reference Book on Warped Lightness
  4762 | D:5      | Reached XP level 8. HP: 40/55 MP: 11/11
  5164 | D:5      | Found a staircase to the Ecumenical Temple.
  5174 | Temple   | Entered the Ecumenical Temple
  5295 | Temple   | Became a worshipper of Cheibriados the Contemplative
  5665 | D:6      | Found a glowing drain.
  5672 | Sewer    | Entered a sewer
  5726 | Sewer    | Reached * piety under Cheibriados
  5821 | Sewer    | Reached ** piety under Cheibriados
  6514 | D:6      | Noticed Blork the orc
  6518 | D:6      | Killed Blork the orc
  6591 | D:6      | Reached XP level 9. HP: 61/61 MP: 8/12
  6642 | D:6      | Found a runed translucent door.
  6643 | D:6      | Noticed Crazy Yiuf
  7025 | D:2      | Killed Ijyb
  7249 | D:7      | Learned a level 1 spell: Apportation
  7704 | D:7      | Reached *** piety under Cheibriados
  8512 | D:8      | Found a hazy altar of Hepliaklqana.
  8762 | D:8      | Reached XP level 10. HP: 66/66 MP: 10/15
  9201 | D:8      | Reached **** piety under Cheibriados
  9347 | D:8      | Found a glowing silver altar of Zin.
  9347 | D:8      | Found an opulent altar of Gozag.
 10152 | D:9      | Found a runed translucent door.
 10154 | D:9      | Noticed osoart's ghost (novice HuFi)
 10173 | D:9      | Noticed a two-headed ogre
 10193 | D:9      | Killed a two-headed ogre
 10896 | D:10     | Entered Level 10 of the Dungeon
 10896 | D:10     | Found Lyisa's Distillery.
 10964 | D:10     | Bought a potion of curing for 36 gold pieces
 10964 | D:10     | Bought a potion of curing for 36 gold pieces
 10964 | D:10     | Bought a potion of cancellation for 96 gold pieces
 10964 | D:10     | Bought a potion of resistance for 120 gold pieces
 11234 | D:10     | Found a staircase to the Lair.
 12006 | D:11     | Reached XP level 11. HP: 80/80 MP: 10/16
 12050 | D:11     | Found a staircase to the Orcish Mines.
 12703 | D:11     | Noticed a two-headed ogre
 12735 | Lair:1   | Entered Level 1 of the Lair of Beasts
 13493 | Lair:1   | Noticed an eight-headed hydra
 13505 | Lair:1   | Killed an eight-headed hydra
 14387 | Lair:1   | HP: 4/97 [poisoned by a cane toad]
 14392 | Lair:1   | HP: 2/97 [poisoned by a cane toad]
 14932 | Lair:2   | Found a bloodstained altar of Trog.
 15036 | Lair:2   | Reached XP level 12. HP: 88/88 MP: 15/18
 15687 | Lair:2   | Reached skill level 11 in Fighting
 16198 | Lair:2   | Noticed a dire elephant
 16225 | Lair:3   | Found a hole to the Spider Nest.
 16633 | Lair:3   | Noticed a five-headed hydra
 16646 | Lair:3   | Reached ***** piety under Cheibriados
 16649 | Lair:3   | Killed a five-headed hydra
 16650 | Lair:3   | Reached XP level 13. HP: 80/95 MP: 6/20
 16658 | Lair:3   | Reached skill level 11 in Transmutations
 16682 | Lair:3   | Mangled by a merfolk

Illustrated notes

Levels and vault maps discovered:
D:1:      dpeg_arrival_castle, layout_basic
D:2:      kennysheep_the_goblin_king, layout_rooms, chequers_arboretum
D:3:      layout_basic, gammafunk_ghost_cemetery, uniq_sigmund
D:4:      layout_loops_corners, grunt_temple_overflow_open
D:5:      layout_basic, nzn_overflow_gifts_of_might_and_magic,
          lemuel_temple_firewalk_b
D:6:      layout_cave_pools, gup_sewer_entry_bubbles, grunt_decor_arrowhead,
          minivault_25, uniq_blork_the_orc, uniq_crazy_yiuf_cottage
D:7:      layout_rooms
D:8:      layout_basic, grunt_temple_overflow_gold_and_silver,
          mainiacjoe_overflow_cross_hatched
D:9:      hellmonk_ruined_rings, layout_rooms, ebering_ghost_reflecting_pool,
          hangedman_abyss_or_decor_passed
D:10:     layout_loops_cross, lair_entry_dummy, serial_shops,
          nicolae_stop_n_shop_2
D:11:     layout_rooms, david_orc_2, fedhas_bush_and_centaur_altar
Temple:   pf_slime_end_temple
Lair:1:   layout_cave_pods
Lair:2:   mu_elephants_graveyard, layout_cave_pods, basic_altar
Lair:3:   layout_roguey [special_room_bee], elwin_shoals_entry_stream,
          dummy_spider_entry

Skill      XL: |  1  2  3  4  5  6  7  8  9 10 11 12 13 |
---------------+----------------------------------------+-----
Stealth        | 1 |  1.0
Fighting       | 2 3 5 9 10 11 | 11.0
Ice Magic      | 2 4 5 7 8 |  8.0
Transmutations | 5 7 8 10 11 | 11.3
Invocations    | 6 7 9 10 | 10.0
Unarmed Combat | 5 8 10 | 10.0
Dodging        | |  2.0
Spellcasting   | |  2.0

Action                   |  1- 3 |  4- 6 |  7- 9 | 10-12 | 13-15 || total
-------------------------+-------+-------+-------+-------+-------++-------
Melee: Unarmed           |    83 |    17 |   160 |   430 |     5 ||   695
       Constrict         |    26 |    12 |    39 |       |       ||    77
       Kick              |    16 |     9 |    17 |       |       ||    42
       Tentacles         |    12 |     9 |    37 |       |       ||    58
       Punch             |     3 |     3 |     7 |       |       ||    13
       Dagger            |       |    45 |   129 |       |       ||   174
 Cast: Beastly Appendage |    23 |     5 |    11 |     1 |       ||    40
       Ice Form          |       |       |    24 |    65 |       ||    89
       Wereblood         |       |       |     4 |     6 |       ||    10
       Apportation       |       |       |     4 |       |       ||     4
Invok: Slouch            |       |       |       |     7 |     2 ||     9
       Bend Time         |       |       |       |     3 |       ||     3
Evoke: Wand              |       |     6 |       |     1 |     3 ||    10
  Use: Scroll            |       |     7 |     7 |     6 |       ||    20
       Potion            |       |       |     2 |     3 |     8 ||    13
 Stab: Sleeping          |    11 |     3 |    10 |       |       ||    24
       Distracted        |       |       |     1 |       |       ||     1
       Confused          |       |       |     1 |       |       ||     1
Armor: Skin              |     3 |     3 |   110 |   237 |    18 ||   371
Dodge: Dodged            |    41 |    22 |   160 |   236 |    26 ||   485
